AoeStats
← Royal Yakuza

Arabia

511002526Analyzed
1v1 RM · 8h ago on Oct 3, 2026· 53m 5s· 2 players
Game mode
Random Map
Map size
Tiny (2 player)
Population
200
Speed
Normal
Resources
Standard
Victory
Conquest
Starting age
Dark Age
Ending age
Imperial Age
RankedLock teamsTeams togetherTeam positionsShared explorationLock speedFull tech treeHidden civsTurbo modeCheats
Victory
Defeat
🇧🇪 Saxons · Belgium
1090
+15
🇩🇪 Vietnamese · Germany
1079
-15
BondTrustee
6:53 Loom
9:45 Feudal Age
10:33 Man-at-Arms
13:05 Horse Collar
16:46 Double-Bit Axe
17:01 Fletching
17:41 Padded Archer Armor
22:52 Castle Age
22:10 Scale Barding Armor
22:16 Forging
21:58 Gold Mining
23:19 Bloodlines
23:55 Chain Barding Armor
24:59 Bow Saw
27:30 Iron Casting
28:10 Husbandry
28:59 Heavy Plow
30:02 Wheelbarrow
33:02 Bodkin Arrow
33:23 Leather Archer Armor
33:16 Thumb Ring
33:49 Hand Cart
41:26 Imperial Age
45:33 Town Watch
46:38 Elite Skirmisher
48:02 Paper Money
47:56 Murder Holes
48:07 Bracer
Royal Yakuza
8:00 Loom
9:56 Feudal Age
10:40 Double-Bit Axe
12:24 Fletching
14:22 Gold Mining
15:46 Wheelbarrow
20:41 Castle Age
20:52 Padded Archer Armor
23:17 Stone Mining
23:10 Horse Collar
23:51 Heavy Plow
24:54 Town Watch
25:42 Pikeman
28:46 Bodkin Arrow
30:02 Bow Saw
34:48 Hand Cart
37:30 Imperial Age
35:53 Arson
36:08 Squires
36:28 Scale Mail Armor
37:01 Gambesons
38:15 Ballistics
38:18 Bracer
38:39 Conscription
39:23 Two-Man Saw
38:55 Crop Rotation
39:29 Chemistry
38:38 Guard Tower
39:15 Chain Mail Armor
40:56 Forging
41:17 Plate Mail Armor
40:36 Shield Wall
41:56 Arrowslits
41:33 Elite Skirmisher
41:37 Halberdier
44:24 Iron Casting
44:05 Leather Archer Armor
44:27 Keep
45:29 Town Patrol
46:08 Siege Engineers
45:51 Elite Hearth Troop
48:37 Murder Holes
51:12 Treadmill Crane
Connection lost

Rejoining the realm…

Still unreachable

The connection could not be restored.

Session expired

The server has moved on; the page needs a fresh start.